Description

정찰 후 광전사가 많다 > 해병위주, 추적자가 많다 > 불곰 위주 진출하면서 트리플 사령부 먹기 교전시 대장갑 미사일 쓴다음 교전하기

Build Order

Get SALT Encoding   

  13  0:17  Supply Depot  입구(13일꾼)
  16  0:41  Barracks  입구(13일꾼)
  16  0:44  Refinery  
  17  1:03  Action  18서치
  18  1:05  Action  가스일꾼
  19  1:29  Reaper  
  20  1:30  Orbital Command  
  20  1:40  Command Center  
  20  1:50  Supply Depot  입구
  21  2:00  Marine  
  22  2:05  Factory  
  23  2:20  Bunker  앞마당 사령부 붙여서(해병 나온후)
  23  2:22  Barracks Reactor  
  24  2:30  Refinery  
  24  2:50  Hellion  
  28  2:51  Action  가스일꾼
  28  2:53  Orbital Command  
  29  3:00  Starport  
  29  3:05  Marine  이후 2해병씩 꾸준히
  31  3:10  Widow Mine  2지뢰 까지
  41  3:35  Supply Depot  이후 보급고 꾸준히
  41  3:40  Medivac  
  46  3:55  Barracks  2배럭 우공, 군수 위아래 붙여서
  48  4:10  Action  의료선에 지뢰 태우고 진출
  52  4:15  Starport Tech Lab, Factory Tech Lab  
  56  4:40  Action  군공 병영 스왑
  56  4:43  Raven  
  58  4:45  Stimpack  
  62  5:00  Engineering Bay  
  67  5:10  Factory Reactor  
  70  5:20  Action  우공 병영 스왑
  72  5:30  Starport Reactor, Refinery, Combat Shield  
  75  5:40  Terran Infantry Weapons Level 1  
  77  5:50  Widow Mine, Refinery  2지뢰씩 꾸준히
  116  6:50  Concussive Shells  
  120  7:00  Action  진출
Spawning Tool Build Advisor. Get it on Overwolf

Go to:

Details

  • Created by: bookshelf421
  • Published on: Nov 07, 2020
  • Modified on: Nov 07, 2020
  • Patch: 4.11.0
  • Difficulty: Medium
Show
View Real Time Build Order
Export as new Build Order

Comments (0)

There are no comments. Be the first!

Create an account to comment!